 Dungeon Crawl Stone Soup version 0.22-a0-565-gfc6459a (webtiles) character file.

4 Amnesiac the Ducker (level 1, 0/9 HPs)
             Began as a Spriggan Wanderer on June 28, 2018.
             Was a Follower of Elyvilon.
             Slain by an adder (3 damage)
             ... on level 2 of the Dungeon.
             The game lasted 00:01:30 (318 turns).

Amnesiac the Ducker (Spriggan Wanderer)              Turns: 318, Time: 00:01:30

Health: 0/9        AC:  2    Str:  9    XL:     1   Next: 50%
Magic:  2/5        EV: 18    Int: 13    God:    Elyvilon [*.....]
Gold:   29         SH:  0    Dex: 14    Spells: 5/5 levels left

rFire    . . .     SeeInvis +   b - +0 short sword
rCold    . . .     Gourm    .   (shield restricted)
rNeg     . . .     Faith    .   d - +0 robe
rPois    .         Spirit   .   (helmet restricted)
rElec    .         Reflect  .   (no cloak)
rCorr    .         Harm     .   (gloves unavailable)
MR       .....                  (boots unavailable)
Stlth    ++........             (no amulet)
HPRegen  0.03/turn              (no ring)
MPRegen  0.09/turn              (no ring)

@: lethally poisoned (0 -> -12), very quick
A: very small, unfitting armour, see invisible, herbivore, speed 3, slow
metabolism 2
a: Lesser Healing, Divine Protection, Renounce Religion


You were on level 2 of the Dungeon.
You worshipped Elyvilon.
Elyvilon was aware of your devotion.
You were not hungry.

You visited 1 branch of the dungeon, and saw 3 of its levels.

You collected 29 gold pieces.

Inventory:

Hand Weapons
 b - a +0 short sword (weapon)
Armour
 d - a +0 robe (worn)
Scrolls
 c - a scroll of identify {!r, unknown}
 g - a scroll of remove curse {!r, unknown}
 h - a scroll of fear {!r, unknown}
 i - a scroll of amnesia {!r, unknown}
 k - a scroll of blinking {!r, unknown}
Potions
 a - a potion of might {!q, unknown}
 e - a potion of heal wounds {!q, unknown}
 j - a potion of flight {!q, unknown}
Comestibles
 f - 2 rations


   Skills:
 * Level 1.7 Short Blades
 - Level 1.0 Throwing
 - Level 3.0 Dodging
 + Level 1.6 Stealth
 + Level 2.7 Spellcasting
   Level 2.4 Hexes
   Level 1.0 Poison Magic


You had 5 spell levels left.
You didn't know any spells.
Your spell library contained the following spells:

 Spells                   Type           Power        Failure   Level  Hunger
 Confuse                  Hex            #.......     26%         3    ###....
 Mephitic Cloud           Conj/Pois/Air  #.......     52%         3    ###....
 Sting                    Conj/Pois      #...         19%         1    #......
 Tukima's Dance           Hex            #.......     26%         3    ###....
 Ensorcelled Hibernation  Hex/Ice        #.....       22%         2    ###....
 Corona                   Hex            #......      9%          1    #......
 Dazzling Spray           Conj/Hex       #.....       41%         3    ###....


Dungeon Overview and Level Annotations

Branches:
Dungeon (3/15)

Altars:
Elyvilon


Innate Abilities, Weirdness & Mutations

You are very small and have problems with some larger weapons.
You are too small for most types of armour.
You have supernaturally acute eyesight. (SInv)
You are a herbivore.
You cover ground extremely quickly.
You need to consume almost no food.


Message History

The bat hits you but does no damage.
You miss the bat. The bat completely misses you. The bat hits you.
You closely miss the bat. The bat closely misses you. The bat misses you.
The bat completely misses you.
You hit the bat but do no damage. The bat hits you but does no damage.
The bat hits you but does no damage.
You hit the bat.
You kill the bat!
No target in view!
Found a ration.
There is a stone staircase leading up here.
You climb upwards.
Found a scroll labeled CIMOPNOILO and a bubbling cyan potion.
There is a stone staircase leading down here.
i - a scroll labeled CIMOPNOILO {!r}
j - a bubbling cyan potion {!q}
There is a stone staircase leading down here.
You climb downwards.
There is a stone staircase leading up here.
f - 2 rations (gained 1)
You now have 14 gold pieces.
Found a stone staircase leading up.
Found a stone staircase leading down.
There is a stone staircase leading up here.
You climb upwards.
There is a stone staircase leading down here.
You climb downwards.
There is a stone staircase leading up here.
You now have 29 gold pieces (gained 15).
k - a scroll labeled GATIQU CETUQI {!r}
Found an escape hatch in the ceiling.
An adder comes into view.
The adder bites you.
There is an escape hatch in the ceiling here.
There are no items here.
The adder bites you.
* * * LOW HITPOINT WARNING * * *
You are lethally poisoned!
The adder poisons you! A mysterious force pulls you upwards.
The hatch slams shut behind you.
A kobold comes into view.
* * * LOW HITPOINT WARNING * * *
You feel sick.
* * * LOW HITPOINT WARNING * * *
You feel sick.
Okay, then.
You are healed.
You feel somewhat more hungry. The adder bites you.
* * * LOW HITPOINT WARNING * * *
You are healed.
You feel somewhat more hungry. The adder bites you.
You are more poisoned.
The adder poisons you! The adder closely misses you.
You are healed.
You feel somewhat more hungry.
You feel sick. The adder misses you.
You feel sick.
Okay, then.
You barely miss the adder. The adder barely misses you.
You closely miss the adder.
You feel sick. The adder bites you but does no damage.
You hit the adder.
The adder is moderately wounded.
The adder bites you.
* * * LOW HITPOINT WARNING * * *
The adder bites you.
You die...

#.. . #.. . #
#.# . # #. #.#
# .
#.#.##.#####.#
.
#..........K.#
#.........#
####S####.#
#@# .# #.# #
#.. ##.. ...
.##. .# ..
#.##########
#...>.......


You could see an adder.

Vanquished Creatures
  3 bats
  A goblin (D:1)
  2 kobolds
6 creatures vanquished.

Notes
Turn   | Place    | Note
-------+----------+-------------------------------------------
     0 | D:1      | Amnesiac the Spriggan Wanderer began the quest for the Orb.
     0 | D:1      | Amnesiac set off with: a +0 short sword, a +0 robe, a ration
     0 | D:1      | Reached XP level 1. HP: 9/9 MP: 5/5
   115 | D:2      | Found a faded altar of an unknown god.
   126 | D:2      | Became a worshipper of Elyvilon the Healer
   126 | D:2      | Reached * piety under Elyvilon
   318 | D:2      | Slain by an adder

Vault maps used:
D:1:      dpeg_arrival_three_same_balls, skrybe_limestone_x
D:2:      chequers_ecumenical_altar_island, nicolae_ashenzari_panopticon
D:3:      first_ration, minmay_quantized

Action                   || total
-------------------------++-------
Melee: Short sword       ||    18
Invok: Lesser Healing    ||     3
 Stab: Sleeping          ||     1
Armor: Robe              ||     7
Dodge: Dodged            ||    20

Table legend:
 A = Spawn XP
 B = Non-spawn XP
 C = Spawn XP percentage of total XP
 D = Spawn monster count
 E = Non-spawn monster count
 F = Spawn count percentage of total count
 G = Total turns spent on level
                    A         B        C        D         E        F      G
               +---------+---------+-------+---------+---------+-------+---------
         Total |       0 |       6 |   0.0 |       0 |       6 |   0.0 |   318
               +---------+---------+-------+---------+---------+-------+---------
           D:1 |       0 |       4 |   0.0 |       0 |       4 |   0.0 |   115
           D:3 |       0 |       2 |   0.0 |       0 |       2 |   0.0 |   146
               +---------+---------+-------+---------+---------+-------+---------
